 Dungeon Crawl Stone Soup version 0.30.0-19-g36f170ea60 (webtiles) character file.

Game seed: 15368128283152215012

125 Irreverend the Ruffian (level 4, 0/45 HPs)
             Began as a Troll Fighter on May 30, 2023.
             Slain by a gnoll
             ... wielding a +0 flail
              (3 damage)
             ... on level 4 of the Dungeon.
             The game lasted 00:02:02 (2131 turns).

Irreverend the Ruffian (Troll Fighter)              Turns: 2131, Time: 00:02:03

Health: 0/45       AC:  4    Str: 24    XL:     4   Next: 82%
Magic:  3/3        EV:  8    Int:  6    God:
Gold:   141        SH:  8    Dex:  9    Spells: 3/3 levels left

rFire   . .          .
                       - Unarmed
rCold   . . .        b - +0 kite shield
rNeg    . . .        a - +0 robe
rPois   .            (helmet restricted)
rElec   .            (no cloak)
rCorr   .            (gloves unavailable)
SInv    .            (boots unavailable)
Will    .....        (no amulet)
Stlth   +            (no ring)
HPRegen 1.07/turn    (no ring)
MPRegen 0.08/turn

%: no passive effects
@: no status effects
A: large, unfitting armour, claws 3, regeneration 1, shaggy fur 1, tough skin 1
a: no special abilities


You were on level 4 of the Dungeon.
You visited 1 branch of the dungeon, and saw 4 of its levels.

You collected 141 gold pieces.

Inventory:

Missiles
 s - 5 curare-tipped darts (quivered)
Armour
 a - a +0 robe (worn)
 b - a +0 kite shield (worn)
Jewellery
 n - an amulet of the acrobat
Wands
 p - a wand of roots (10)
Scrolls
 d - a scroll of teleportation {unknown}
 g - 2 scrolls of blinking {unknown}
 h - a scroll of enchant armour {unknown}
 i - a scroll of summoning {unknown}
 j - 5 scrolls of identify {unknown}
 k - 2 scrolls of noise {unknown}
 l - a scroll of brand weapon {unknown}
 m - a scroll of vulnerability {unknown}
 o - 3 scrolls of enchant weapon {unknown}
 q - a scroll of torment {unknown}
 r - a scroll of immolation {unknown}
 t - a scroll of amnesia {unknown}
Potions
 c - a potion of might
 e - 2 potions of attraction {unknown}
 f - 2 potions of flight {unknown}
 u - a potion of mutation {unknown}
 v - a potion of heal wounds {unknown}


   Skills:
 + Level 3.1 Fighting
 - Level 2.4 Dodging
 + Level 3.4 Shields
 * Level 3.8 Unarmed Combat


You had 3 spell levels left.
You didn't know any spells.
Your spell library contained the following spells:

 Spells                   Type           Power      Damage    Failure   Level
 Summon Small Mammal      Summ           0%         N/A       71%         1
 Cigotuvi's Dreadful Rot  Necr/Pois/Air  0%         N/A       85%         2
 Call Canine Familiar     Summ           0%         N/A       97%         3
 Portal Projectile        Hex/Tloc       0%         N/A       97%         3
 Summon Guardian Golem    Hex/Summ       0%         N/A       97%         3
 Dispel Undead            Necr           0%         3d6       100%        4
 Leda's Liquefaction      Hex/Erth       0%         N/A       100%        4
 Death Channel            Necr           0%         N/A       100%        6


Dungeon Overview and Level Annotations

Branches:
Dungeon (4/15)
 Temple: D:4-7

Altars:
Dithmenos

Shops:
D:1 =


Innate Abilities, Weirdness & Mutations

You are too large for most types of armour.
You have claws for hands.
Your natural rate of healing is unusually fast.
You are covered in fur. (AC +1)
You have tough skin. (AC +1)


Message History

You are too injured to fight recklessly!
You are too injured to fight recklessly!
You are too injured to fight recklessly!
You are too injured to fight recklessly!
You are too injured to fight recklessly!
You are too injured to fight recklessly!
You are too injured to fight recklessly!
You are too injured to fight recklessly!
You scratch the gnoll.
The gnoll is heavily wounded.
You claw the gnoll!
The gnoll is severely wounded.
The gnoll hits you with a +0 club. You block the gnoll's attack.
You scratch the gnoll but do no damage.
The gnoll is severely wounded.
You are no longer corroded.
You block the gnoll's attack. The gnoll hits you with a +0 club.
* * * LOW HITPOINT WARNING * * *
Sorry, you're not good enough to have a special ability.
You closely miss the gnoll.
The gnoll is severely wounded.
The gnoll hits you with a +0 flail!
* * * LOW HITPOINT WARNING * * *
The gnoll hits you with a +0 club.
* * * LOW HITPOINT WARNING * * *
You claw the gnoll!
You kill the gnoll!
The gnoll hits you but does no damage.
You claw the gnoll!
The gnoll is severely wounded.
The gnoll closely misses you. You block the gnoll's attack.
You scratch the gnoll but do no damage.
The gnoll is severely wounded.
The gnoll hits you with a +0 flail.
* * * LOW HITPOINT WARNING * * *
You block the gnoll's attack.
You claw the gnoll!
You kill the gnoll!
The gnoll hits you with a +0 flail.
You die...

)..)........#
##..........#
#............#
#.............#
#.#)######.#....
#.#.######.#.###
#.#........>..
#.###############
#.............g@#
###############)#
... ../.. #.....#
#.....# #.....#
#######


You could see a gnoll.

Vanquished Creatures
  A jelly (D:4)
  A sleepcap (D:4)
  An adder (D:3)
  2 gnolls (D:4)
  2 dart slugs
  4 orcs (D:3)
  3 endoplasms
  3 goblins
  5 hobgoblins
  5 jackals
  4 quokkas
  4 frilled lizards
  2 kobolds
  5 rats (D:1)
42 creatures vanquished.

Notes
Turn   | Place    | Note
-------+----------+-------------------------------------------
     0 | D:1      | Irreverend the Troll Fighter began the quest for the Orb.
     0 | D:1      | Reached XP level 1. HP: 22/22 MP: 0/0
    28 | D:1      | Found Igosit's Jewellery Emporium.
    58 | D:1      | Reached XP level 2. HP: 29/29 MP: 1/1
   675 | D:2      | Reached XP level 3. HP: 36/36 MP: 2/2
  1512 | D:3      | Found a faded altar of an unknown god.
  1842 | D:3      | Found a shadowy altar of Dithmenos.
  2074 | D:4      | Reached XP level 4. HP: 44/44 MP: 3/3
  2077 | D:4      | Identified the +3 spear of Grace {speed, +Blink Str+3}
  2130 | D:4      | HP: 1/45 [gnoll/+0 flail (5)]
  2131 | D:4      | Slain by a gnoll

Illustrated notes

Levels and vault maps discovered:
D:1:      dpeg_arrival_long_road, layout_basic, serial_shops,
          nicolae_shop_just_a_little_nook, serial_curves, eino_curves_01,
          eino_curves_03
D:2:      layout_basic
D:3:      layout_basic, grunt_dithmenos_smoke_and_mirrors,
          basic_ecumenical_altar
D:4:      layout_basic, uniq_pikel

Skill      XL: |  1  2  3  4 |
---------------+-------------+-----
Shields        | 3 |  3.4
Unarmed Combat | 3 |  3.8
Fighting       | 3 |  3.1
Dodging        | |  2.4

Action                     |  1- 3 |  4- 6 || total
---------------------------+-------+-------++-------
  Melee: Unarmed           |    96 |    16 ||   112
   Stab: Sleeping          |     1 |       ||     1
 Armour: Robe              |    29 |     2 ||    31
  Dodge: Dodged            |    29 |     3 ||    32
  Block: Kite shield       |    27 |     6 ||    33
